 Dungeon Crawl Stone Soup version 0.29-a0-559-g359e09b9d1 (webtiles) character file.

Game seed: 6529099752137048923

547 Nedwor the Cruncher (level 7, -4/62 HPs)
             Began as a Minotaur Gladiator on June 10, 2022.
             Succumbed to an orc wizard's poison
             ... on level 3 of the Dungeon.
             The game lasted 00:03:24 (2170 turns).

Nedwor the Cruncher (Minotaur Gladiator)            Turns: 2170, Time: 00:03:24

Health: -4/62      AC: 12    Str: 20    XL:     7   Next: 7%
Magic:  6/6        EV:  6    Int:  5    God:
Gold:   165        SH:  0    Dex: 12    Spells: 6/6 levels left

rFire   . . .      SeeInvis .   a - +0 quarterstaff
rCold   . . .      Faith    .   (shield currently unavailable)
rNeg    . . .      Spirit   .   j - +0 plate armour
rPois   .          Reflect  .   c - +0 hat
rElec   .          Harm     .   h - +0 cloak
rCorr   .          Rampage  .   l - +0 pair of gloves
Will    .....                   (no boots)
Stlth   ..........              (no amulet)
HPRegen 0.20/turn               (no ring)
MPRegen 0.10/turn               (no ring)

@: lethally poisoned (-4 -> -39)
A: horns 2, retaliatory headbutt
a: no special abilities


You were on level 3 of the Dungeon.
You visited 1 branch of the dungeon, and saw 3 of its levels.

You collected 165 gold pieces.

Inventory:

Hand Weapons
 a - a +0 quarterstaff (weapon)
Missiles
 d - 3 throwing nets (quivered)
 e - a javelin
Armour
 c - a +0 hat (worn)
 h - a +0 cloak (worn)
 j - a +0 plate armour (worn)
 l - a +0 pair of gloves (worn)
Wands
 u - a wand of digging (5)
Scrolls
 b - 2 scrolls of identify {unknown}
 f - a scroll of poison {unknown}
 g - a scroll of amnesia {unknown}
 k - a scroll of vulnerability {unknown}
 n - a scroll of brand weapon {unknown}
 p - 2 scrolls of magic mapping {unknown}
 v - a scroll of fear {unknown}
Potions
 i - a potion of might {unknown}
 m - a potion of mutation {unknown}
 o - 2 potions of ambrosia {unknown}
 q - a potion of degeneration {unknown}
 s - a potion of brilliance {unknown}
 t - a potion of attraction {unknown}
 w - a potion of heal wounds {unknown}


   Skills:
 + Level 5.7 Fighting
 * Level 8.2 Staves
 - Level 2.0 Throwing
 - Level 3.2 Dodging


You had 6 spell levels left.
You didn't know any spells.
Your spell library contained the following spells:

 Spells                   Type           Power      Damage    Failure   Level
 Foxfire                  Conj/Fire      0%         2x1d4     100%        1
 Ensorcelled Hibernation  Hex/Ice        0%         N/A       100%        2
 Passwall                 Tmut/Erth      0%         N/A       100%        2
 Conjure Flame            Conj/Fire      0%         6-21      100%        3
 Inner Flame              Hex/Fire       0%         N/A       100%        3
 Spider Form              Tmut/Pois      0%         N/A       100%        3
 Swiftness                Air            0%         N/A       100%        3
 Anguish                  Hex/Necr       0%         N/A       100%        4
 Flame Wave               Conj/Fire      0%         2d4       100%        4


Dungeon Overview and Level Annotations

Branches:
Dungeon (3/15)

Altars:

Shops:
D:1 [


Innate Abilities, Weirdness & Mutations

You have a pair of horns on your head.
You reflexively headbutt those who attack you in melee.


Message History

Something hits you but does no damage.
You miss something.
You feel sick. Something hits you but does no damage.
You are more poisoned.
You hear some strange, mumbled words.
Something tries to affect you, but you resist.
Unknown command.
You closely miss something.
You feel sick.
You hear some strange, mumbled words.
A magic dart appears from out of thin air!
The magic dart hits you but does no damage.
You hear some strange, mumbled words.
A magic dart appears from out of thin air!
The magic dart hits you but does no damage.
You miss something. Your headbutt misses something.
You feel sick. Something hits you but does no damage.
You are more poisoned.
Something hits you but does no damage.
Unknown command.
You closely miss something. You headbutt something.
Reactivating autopickup.
You feel a bit more experienced.
You feel very sick. Something hits you but does no damage.
You are lethally poisoned!
Deactivating autopickup; reactivate with Ctrl-A.
You closely miss the orc. You headbutt the orc.
The orc is lightly wounded.
* * * LOW HITPOINT WARNING * * *
You feel very sick. The orc hits you but does no damage. Something hits you.
* * * LOW HITPOINT WARNING * * *
You are more poisoned.
You thump the orc!
You kill the orc!
* * * LOW HITPOINT WARNING * * *
You feel very sick.
The orc priest miscasts a cantrip.
Something hits you but does no damage.
You are more poisoned.
You die...

........#
#.##.##)#.##.
........##
#.##........†
..oo...K.#
#.#####.#....
....{....# # #.#
#.####. .........##.#
#.# # ##
............# ##.##
#..# ###...####.#
#..#######{..#......#
#...†..o@).#...######
##.##########.##
#.....# #.# #.#####
#.# #.# #.# #.# #.#
#.# ##.# #.# #..# #.#
#.##


You could see an orc priest.

Vanquished Creatures
  Grinder (D:3)
  Sigmund (D:3)
  A scorpion (D:2)
  2 orc wizards (D:3)
  Robin (D:3)
  3 adders
  2 orcs (D:3)
  5 endoplasms
  A giant cockroach (D:2)
  7 goblins
  4 hobgoblins
  A quokka (D:1)
  3 ball pythons
  7 bats
  5 frilled lizards
  4 kobolds
  A rat (D:3)
49 creatures vanquished.

Notes
Turn   | Place    | Note
-------+----------+-------------------------------------------
     0 | D:1      | Nedwor the Minotaur Gladiator began the quest for the Orb.
     0 | D:1      | Reached XP level 1. HP: 18/18 MP: 0/0
    56 | D:1      | Found Heab's Antique Armour Shop.
   109 | D:1      | Reached skill level 4 in Staves
   250 | D:1      | You fall into a shaft and drop 1 floor!
   250 | D:2      | Found Pugisee's Weapon Shoppe.
   276 | D:1      | Reached XP level 2. HP: 25/25 MP: 1/1
   382 | D:1      | Found a faded altar of an unknown god.
   604 | D:2      | Noticed a scorpion
   612 | D:2      | Killed a scorpion
   613 | D:2      | Reached skill level 5 in Staves
   613 | D:2      | Reached XP level 3. HP: 18/31 MP: 2/2
   613 | D:2      | Reached XP level 4. HP: 23/39 MP: 3/3
  1444 | D:3      | Noticed Sigmund
  1469 | D:3      | Killed Sigmund
  1469 | D:3      | Noticed Robin
  1470 | D:3      | Reached skill level 7 in Staves
  1470 | D:3      | Reached XP level 5. HP: 15/47 MP: 4/4
  1470 | D:3      | Reached XP level 6. HP: 18/55 MP: 5/5
  1479 | D:3      | Killed Robin
  1707 | D:3      | Noticed Grinder
  1724 | D:3      | Killed Grinder
  1725 | D:3      | Reached skill level 5 in Fighting
  1725 | D:3      | Reached skill level 8 in Staves
  2157 | D:3      | Reached XP level 7. HP: 51/61 MP: 6/6
  2170 | D:3      | Succumbed to an orc wizard's poison

Illustrated notes

Levels and vault maps discovered:
D:1:      dpeg_arrival_round_b, layout_rooms,
          hellmonk_ecumenical_altar_lost_god, serial_shops, shop
D:2:      layout_rooms, serial_shops, shop
D:3:      layout_loops_ring, portal_sewer_entry_b, serial_shops, shop,
          uniq_robin, uniq_sigmund, uniq_grinder

Skill      XL: |  1  2  3  4  5  6 |
---------------+-------------------+-----
Staves         | 4 5 7 8 |  8.2
Fighting       | 3 4 5 |  5.7
Throwing       | |  2.0
Dodging        | |  3.2

Action                   |  1- 3 |  4- 6 |  7- 9 || total
-------------------------+-------+-------+-------++-------
Melee: Quarterstaff      |    28 |    81 |    12 ||   121
       Headbutt          |     2 |     5 |     3 ||    10
  Use: Potion            |       |     1 |       ||     1
Armor: Leather armour    |     7 |       |       ||     7
       Plate armour      |    14 |    74 |    12 ||   100
Dodge: Dodged            |    15 |    26 |       ||    41

Table legend: (Time is in decaauts)
 A = Elapsed time spent in this place.
 B = Non-inter-level travel time spent in this place.
 C = Inter-level travel time spent in this place.
 D = Time resting spent in this place.
 E = Time spent auto-exploring this place.
 F = Levels seen in this place.
 G = Mean time per level.
                   A        B        C        D        E       F      G
               +--------+--------+--------+--------+--------+-----+--------+
         Total |   2182 |   2126 |     56 |    646 |   1128 |   3 |  727.3 |
       Dungeon |   2182 |   2126 |     56 |    646 |   1128 |   3 |  727.3 |
               +--------+--------+--------+--------+--------+-----+--------+

Top non-repeatable levels by time:
     D:3: 928 daAuts
     D:2: 675 daAuts
     D:1: 578 daAuts
